 Dungeon Crawl Stone Soup version 0.29-a0-72-g1732ff48e7 (webtiles) character file.

Game seed: 1105274108589532471

46 vineage the Skirmisher (level 3, -4/24 HPs)
             Began as a Gargoyle Fighter on Feb 3, 2022.
             Killed from afar by an orc wizard (8 damage)
             ... with a magic dart
             ... on level 3 of the Dungeon.
             The game lasted 00:01:33 (1228 turns).

vineage the Skirmisher (Gargoyle Fighter)           Turns: 1228, Time: 00:01:35

Health: -4/24      AC: 13    Str: 18 (19) XL:     3   Next: 68%
Magic:  3/3        EV:  9    Int:  5 (8)  God:
Gold:   23         SH:  4    Dex:  8 (11) Spells: 2/2 levels left

rFire   . . .      SeeInvis .   a - +1 flail
rCold   . . .      Faith    .   c - +0 buckler
rNeg    + . .      Spirit   .   b - +0 scale mail
rPois   ∞          Reflect  .   (no helmet)
rElec   +          Harm     .   (no cloak)
rCorr   .          Rampage  .   (no gloves)
Will    .....                   f - +2 pair of boots
Stlth   ..........              (no amulet)
HPRegen 0.08/turn               (no ring)
MPRegen 0.08/turn               (no ring)

@: no status effects
A: sickness immunity, AC +3, negative energy resistance 1, electricity
resistance, torment resistance 1, petrification resistance
a: no special abilities


You were on level 3 of the Dungeon.
You visited 1 branch of the dungeon, and saw 3 of its levels.

You collected 23 gold pieces.

Inventory:

Hand Weapons
 a - a +1 flail (weapon)
Armour
 b - a +0 scale mail (worn)
 c - a +0 buckler (worn)
 f - a +2 pair of boots (worn)
Jewellery
 h - an amulet of magic regeneration
 l - a +6 ring of intelligence
Scrolls
 g - a scroll of torment
 i - a scroll of vulnerability
 j - a scroll of summoning
 k - a scroll of blinking {unknown}
Potions
 d - a potion of might


   Skills:
 * Level 4.5 Fighting
 + Level 2.7 Maces & Flails
 - Level 3.2 Armour
 - Level 3.2 Shields


You had 2 spell levels left.
You didn't know any spells.
Your spell library was empty.

Dungeon Overview and Level Annotations

Branches:
Dungeon (3/15)

Altars:

Shops:
D:2 =


Innate Abilities, Weirdness & Mutations

You are immune to sickness and miasma.
Your stone body is resilient. (AC +3)
You are immune to poison.
You resist negative energy. (rN+)
You are resistant to electric shocks. (rElec)
You are resistant to unholy torment.
You are immune to petrification.


Message History

You barely miss something. Something hits you but does no damage.
You miss something.
You hear some strange, mumbled words.
A puff of flame appears from out of thin air!
The puff of flame hits you.
You miss something.
Something hits you but does no damage. x2
You closely miss something.
You hear some strange, mumbled words.
A puff of flame appears from out of thin air!
The puff of flame hits you but does no damage.
You miss something.
You hear some strange, mumbled words.
Something tries to affect you, but you resist.
You barely miss something.
The orc priest begins to cast a cantrip, but forgets the words!
Something hits you but does no damage. Something hits you.
You miss something. Something hits you but does no damage.
You closely miss something.
The orc priest calls down the wrath of Beogh upon you.
Beogh smites you!
Ouch! That really hurt!
* * * LOW HITPOINT WARNING * * *
Something hits you but does no damage.
You are too injured to fight recklessly!
You are too injured to fight recklessly!
You are too injured to fight recklessly!
You are too injured to fight recklessly!
You are too injured to fight recklessly!
You are too injured to fight recklessly!
You are too injured to fight recklessly!
You are too injured to fight recklessly!
You are too injured to fight recklessly!
You are too injured to fight recklessly!
It was a potion of degeneration.
There was something very wrong with that liquid.
You feel weakened.
You feel dopey.
You feel clumsy.
You hear some strange, mumbled words.
A magic dart appears from out of thin air!
The magic dart hits you!
You die...

##### #...# ##
#...# ..< #...#
..# #...### ...#
#.....######....#
#...#..$..@{o...#
#...#########...#
##..######### .#
#..†....[....
#.#..........
#.#..........
#.#..........
##.#..........
##..#..........


You could see an orc.

Vanquished Creatures
  A dart slug (D:2)
  2 orcs (D:3)
  6 bats
  3 endoplasms
  2 giant cockroaches (D:1)
  3 hobgoblins
  3 kobolds
  2 quokkas
  6 ball pythons
  2 frilled lizards
  A goblin (D:1)
  7 rats
38 creatures vanquished.

Vanquished Creatures (collateral kills)
  A bat (D:2)
1 creature vanquished.

Grand Total: 39 creatures vanquished

Notes
Turn   | Place    | Note
-------+----------+-------------------------------------------
     0 | D:1      | vineage the Gargoyle Fighter began the quest for the Orb.
     0 | D:1      | Reached XP level 1. HP: 14/14 MP: 1/1
   178 | D:1      | Found a faded altar of an unknown god.
   182 | D:1      | Reached XP level 2. HP: 20/20 MP: 2/2
   396 | D:1      | Reached skill level 4 in Fighting
   737 | D:2      | Reached XP level 3. HP: 24/24 MP: 3/3
   892 | D:2      | Found Xaischiev's Jewellery Emporium.
  1228 | D:3      | Killed from afar by an orc wizard

Illustrated notes

Levels and vault maps discovered:
D:1:      lightli_iron_boxes, layout_rooms,
          shapermc_ecumenical_altar_mp_ritualfount
D:2:      layout_rooms, serial_shops, nicolae_diamond_shop,
          grunt_decor_arrowhead
D:3:      layout_rooms

Skill      XL: |  1  2 |
---------------+-------+-----
Fighting       | 4 |  4.5
Maces & Flails | |  2.7
Armour         | |  3.2
Shields        | |  3.2

Action                   || total
-------------------------++-------
Melee: Flail             ||   117
  Use: Scroll            ||     5
       Potion            ||     1
Armor: Scale mail        ||    89
Dodge: Dodged            ||    72
Block: Buckler           ||    29

Table legend: (Time is in decaauts)
 A = Elapsed time spent in this place.
 B = Non-inter-level travel time spent in this place.
 C = Inter-level travel time spent in this place.
 D = Time resting spent in this place.
 E = Time spent auto-exploring this place.
 F = Levels seen in this place.
 G = Mean time per level.
                   A        B        C        D        E       F      G
               +--------+--------+--------+--------+--------+-----+--------+
         Total |   1265 |   1187 |     78 |      0 |    896 |   3 |  421.7 |
       Dungeon |   1265 |   1187 |     78 |      0 |    896 |   3 |  421.7 |
               +--------+--------+--------+--------+--------+-----+--------+

Top non-repeatable levels by time:
     D:1: 600 daAuts
     D:2: 517 daAuts
     D:3: 147 daAuts
